 Dungeon Crawl Stone Soup version 0.26-a0-651-gb41185065b (webtiles) character file.

Game seed: 12137963792749956693

10116 Ozzies the Fighter (level 11, -6/104 HPs)
             Began as a Minotaur Fighter on Oct 13, 2020.
             Was a High Priest of Okawaru.
             Mangled by a skeletal warrior
             ... wielding a +0 war axe
             ... led by a skeletal warrior
              (14 damage)
             ... on level 10 of the Dungeon.
             The game lasted 00:19:45 (15414 turns).

Ozzies the Fighter (Minotaur Fighter)              Turns: 15414, Time: 00:19:46

Health: -6/104     AC: 23    Str: 24    XL:     11   Next: 31%
Magic:  14/14      EV:  8    Int:  5    God:    Okawaru [*****.]
Gold:   771        SH: 11    Dex: 10    Spells: 10/10 levels left

rFire    . . .     SeeInvis +   A - +2 flail (protect)
rCold    + . .     Faith    .   c - +0 kite shield
rNeg     + . .     Spirit   .   u - +0 plate armour
rPois    .         Reflect  .   (helmet restricted)
rElec    .         Harm     .   y - +0 cloak
rCorr    .         Rampage  .   e - +0 pair of gloves
MR       .....                  (no boots)
Stlth    ..........             t - amulet "Vawafofe" {Acrobat rC+}
HPRegen  0.27/turn              H - ring of positive energy
MPRegen  0.14/turn              h - ring of see invisible

@: protection aura
A: retaliatory headbutt, horns 2
a: Heroism, Finesse, Renounce Religion


You were on level 10 of the Dungeon.
You worshipped Okawaru.
Okawaru was extremely pleased with you.
You visited 2 branches of the dungeon, and saw 12 of its levels.

You collected 771 gold pieces.

Inventory:

Hand Weapons
 a - a +0 war axe
 A - a +2 flail of protection (weapon)
 K - a +4 hand axe
Armour
 c - a +0 kite shield (worn)
 e - a +0 pair of gloves (worn)
 i - a +0 chain mail
 u - a +0 plate armour (worn)
 y - a +0 cloak (worn)
 E - a scarf of invisibility
 I - +0 swamp dragon scales
Jewellery
 h - a ring of see invisible (right hand)
 k - an uncursed ring of stealth
 n - an uncursed ring of ice
 t - the amulet "Vawafofe" (around neck) {Acrobat rC+}
   (You found it on level 6 of the Dungeon)

   [amulet of the acrobat]

   It helps you evade while moving and waiting.
   It protects you from cold.
 H - a ring of positive energy (left hand)
Wands
 p - a wand of random effects (14)
Scrolls
 b - a scroll of noise {unknown}
 o - 16 scrolls of identify {@r1}
 q - 4 scrolls of teleportation {@r3 !r}
 r - 4 scrolls of remove curse {@r2}
 s - 4 scrolls of amnesia {unknown}
 v - 3 scrolls of enchant weapon {unknown}
 x - 3 scrolls of fog {unknown}
 F - a scroll of enchant armour {unknown}
 J - a scroll of vulnerability {unknown}
Potions
 d - 4 potions of might {@q3 !q}
 f - 4 potions of flight {unknown}
 g - 2 potions of berserk rage {unknown}
 j - a potion of curing {@q1 !q}
 l - a potion of haste {unknown}
 m - 2 potions of mutation {unknown}
 w - a potion of invisibility {unknown}
 z - 5 potions of degeneration {unknown}
 B - a potion of heal wounds {unknown}
 C - 2 potions of brilliance {unknown}
 D - a potion of lignification {unknown}
 L - a potion of magic {unknown}


   Skills:
 * Level 12.2 Fighting
 + Level 9.5 Axes
 + Level 8.8 Armour
 + Level 6.2 Dodging
 + Level 8.8 Shields
 * Level 6.2 Invocations


You had 10 spell levels left.
You didn't know any spells.
Your spell library contained the following spells:

 Spells                   Type           Power        Failure   Level
 Corona                   Hex            #......      100%        1
 Freeze                   Ice            #...         100%        1
 Summon Small Mammal      Summ           #...         100%        1
 Call Imp                 Summ           #.......     100%        2
 Slow                     Hex            #.......     100%        2
 Call Canine Familiar     Summ           #.......     100%        3
 Confusing Touch          Hex            #.......     100%        3
 Frozen Ramparts          Ice            #.....       100%        3
 Gell's Gravitas          Tloc           #.........   100%        3
 Inner Flame              Hex/Fire       #.......     100%        3
 Ozocubu's Armour         Ice            #.......     100%        3
 Portal Projectile        Hex/Tloc       #.....       100%        3
 Summon Guardian Golem    Hex/Summ       #.......     100%        3
 Cause Fear               Hex            #.........   100%        4
 Hailstorm                Conj/Ice       #.......     100%        4
 Leda's Liquefaction      Hex/Erth       #.........   100%        4
 Petrify                  Tmut/Erth      #.......     100%        4
 Summon Ice Beast         Ice/Summ       #.......     100%        4
 Summon Lightning Spire   Summ/Air       #.......     100%        4
 Metabolic Englaciation   Hex/Ice        #.........   100%        5
 Yara's Violent Unravell  Hex/Tmut       #.........   100%        5


Dungeon Overview and Level Annotations

Branches:
Dungeon (11/15)            Temple (1/1) D:6             Orc (0/2) D:9
   Lair: D:8-11

Altars:
Ashenzari
Cheibriados
Dithmenos
Elyvilon
Fedhas
Gozag
Hepliaklqana
Kikubaaqudgha
Makhleb
Nemelex Xobeh
Okawaru
Qazlal
Ru
Sif Muna
Trog
Uskayaw
Vehumet
Wu Jian
Xom
Yredelemnul
Zin
The Shining One

Annotations:
D:9 2 transporters, Ozzies's ghost, journeyman MiFi
D:10 exclusion: downstairs


Innate Abilities, Weirdness & Mutations

You reflexively headbutt those who attack you in melee.
You have a pair of horns on your head.


Message History

You hit the skeletal warrior but do no damage.
You headbutt the skeletal warrior, but do no damage.
The skeletal warrior is lightly damaged.
You block the skeletal warrior's attack.
The skeletal warrior hits you but does no damage.
The skeletal warrior closely misses you.
The skeletal warrior completely misses you.
The skeletal warrior hits you but does no damage.
You see here 31 stones.
There is a stone staircase leading up here.
The skeletal warrior hits you with a +0 war axe!
The skeletal warrior hits you from afar with a +0 glaive!
You climb upwards.
Level annotation: exclusion: downstairs
There is a stone staircase leading down here.
You completely miss the skeletal warrior.
The skeletal warrior hits you with a +0 war axe!
You hit the skeletal warrior.
Your weapon exudes an aura of protection.
The skeletal warrior is lightly damaged.
You block the skeletal warrior's attack.
You sock the skeletal warrior!
The skeletal warrior is moderately damaged.
You block the skeletal warrior's attack.
You hit the skeletal warrior but do no damage.
The skeletal warrior is moderately damaged.
You block the skeletal warrior's attack.
You barely miss the skeletal warrior.
You headbutt the skeletal warrior, but do no damage.
The skeletal warrior is moderately damaged.
The skeletal warrior barely misses you.
You hit the skeletal warrior. You headbutt the skeletal warrior!
The skeletal warrior is heavily damaged.
The skeletal warrior hits you with a +0 war axe!
You hit the skeletal warrior. You headbutt the skeletal warrior!
The skeletal warrior is severely damaged.
The skeletal warrior hits you but does no damage.
You hit the skeletal warrior.
Your headbutt misses the skeletal warrior.
The skeletal warrior is severely damaged.
You block the skeletal warrior's attack.
You completely miss the skeletal warrior.
The skeletal warrior is severely damaged.
The skeletal warrior hits you with a +0 war axe.
You barely miss the skeletal warrior.
The skeletal warrior is severely damaged.
The skeletal warrior hits you with a +0 war axe!
You barely miss the skeletal warrior.
You headbutt the skeletal warrior, but do no damage.
The skeletal warrior is severely damaged.
The skeletal warrior hits you with a +0 war axe!
Your plate armour prevents you from hitting the skeletal warrior.
The skeletal warrior is severely damaged.
You block the skeletal warrior's attack.
You hit the skeletal warrior.
Your weapon exudes an aura of protection.
You headbutt the skeletal warrior, but do no damage.
The skeletal warrior is severely damaged.
You block the skeletal warrior's attack.
You barely miss the skeletal warrior.
You headbutt the skeletal warrior, but do no damage.
The skeletal warrior is severely damaged.
You block the skeletal warrior's attack.
You hit the skeletal warrior but do no damage.
You headbutt the skeletal warrior, but do no damage.
The skeletal warrior is severely damaged.
The skeletal warrior hits you but does no damage.
You hit the skeletal warrior but do no damage.
The skeletal warrior is severely damaged.
You block the skeletal warrior's attack.
You thump the skeletal warrior!
Your headbutt misses the skeletal warrior.
The skeletal warrior is severely damaged.
The skeletal warrior barely misses you.
You hit the skeletal warrior but do no damage.
The skeletal warrior is severely damaged.
You hit the skeletal warrior but do no damage.
The skeletal warrior is severely damaged.
The skeletal warrior hits you with a +0 war axe!
* * * LOW HITPOINT WARNING * * *
You barely miss the skeletal warrior.
You headbutt the skeletal warrior, but do no damage.
The skeletal warrior is severely damaged.
The skeletal warrior hits you but does no damage.
You barely miss the skeletal warrior.
The skeletal warrior is severely damaged.
The skeletal warrior hits you with a +0 war axe!!
* * * LOW HITPOINT WARNING * * *
You hit the skeletal warrior but do no damage.
The skeletal warrior is severely damaged.
The skeletal warrior hits you with a +0 war axe!
* * * LOW HITPOINT WARNING * * *
You hit the skeletal warrior. You headbutt the skeletal warrior.
The skeletal warrior is almost destroyed.
You block the skeletal warrior's attack.
You completely miss the skeletal warrior.
You headbutt the skeletal warrior, but do no damage.
The skeletal warrior is almost destroyed.
The skeletal warrior hits you with a +0 war axe!
You die... .....#.######.)#.###........#.##P ######.# ##)#.# #........#.#.. .## #.# #.#.# ###.######.#≈≈ ..♣###.# #####.#.## #.# #.#.P ≈♣♣....# #........# #.# #.PPP

≈♣♣♣#### #........# #.######.PPP
.≈♣ #........# #........≈≈≈
.♣♣♣♣♣♣# #>.......############P≈P
.≈♣♣P≈P###......@...........##...
≈≈≈.≈≈..##.....z...########.###.#
≈≈.♣≈≈♣............# #.# #.#
.♣♣♣♣♣♣########..(.# #.###.#
≈≈♣♣♣.# #....########.....#
≈P♣♣..# #...........#####.#
≈P♣...# #........♣P.....#..
.≈♣...# ####....≈≈.≈≈≈≈♣...
......# ##...≈†≈≈≈.≈≈...


You could see a skeletal warrior.

Vanquished Creatures
  A two-headed ogre (D:9)
  2 skeletal warriors (D:10)
  An unseen horror (D:10)
  An ugly thing (D:11)
  Joseph (D:7)
  Maggie (D:7)
  Grinder (D:6)
  A hornet (D:10)
  2 wyverns (D:9)
  Grum (D:8)
  2 insubstantial wisps (D:9)
  Menkaure (D:4)
  12 orc warriors
  6 sky beasts
  2 black bears (D:8)
  3 ice beasts
  2 wolves (D:8)
  5 ogres
  A crocodile (D:11)
  5 centaurs
  A big kobold (D:8)
  A bullfrog (D:10)
  5 scorpions
  7 killer bees (D:7)
  12 wights
  2 howler monkeys (D:10)
  2 vampire bats (D:6)
  3 electric eels (D:10)
  A crimson imp (D:9)
  A centaur zombie (D:5)
  A quasit (D:6)
  2 hounds
  8 orc priests
  7 orc wizards
  Ijyb (D:3)
  2 centaur skeletons
  2 iguanas
  3 worker ants
  A hound skeleton (D:6)
  Robin (D:4)
  9 adders
  2 white imps (D:6)
  3 ufetubi
  3 oozes
  An adder zombie (D:8)
  An adder skeleton (D:8)
  4 worms
  A dart slug (D:2)
  6 leopard geckos
  48 orcs
  2 ball pythons (D:3)
  3 bat skeletons (D:6)
  2 bat zombies (D:6)
  6 giant cockroaches
  17 goblins
  15 hobgoblins
  8 jackals
  A quokka (D:6)
  6 bats
  6 frilled lizards
  A jackal zombie (D:7)
  22 kobolds
  A leopard gecko skeleton (D:7)
  4 rats
286 creatures vanquished.

Vanquished Creatures (others)
  A steam dragon (D:9)
  A worm (D:2)
  22 plants
24 creatures vanquished.

Grand Total: 310 creatures vanquished

Notes
Turn   | Place    | Note
-------+----------+-------------------------------------------
     0 | D:1      | Ozzies the Minotaur Fighter began the quest for the Orb.
     0 | D:1      | Reached XP level 1. HP: 19/19 MP: 0/0
   179 | D:1      | Reached skill level 4 in Fighting
   335 | D:1      | Reached XP level 2. HP: 23/27 MP: 1/1
   965 | D:1      | Reached XP level 3. HP: 34/34 MP: 2/2
  1394 | D:2      | Reached skill level 5 in Fighting
  1896 | D:2      | Reached XP level 4. HP: 40/42 MP: 3/3
  2092 | D:2      | Found a stormy altar of Qazlal.
  2301 | D:3      | Noticed Ijyb
  2317 | D:3      | Killed Ijyb
  2413 | D:3      | Noticed a centaur
  2423 | D:3      | Reached skill level 6 in Fighting
  2426 | D:3      | Killed a centaur
  2426 | D:3      | Reached XP level 5. HP: 29/51 MP: 4/4
  2660 | D:3      | Reached skill level 7 in Fighting
  2667 | D:3      | Reached XP level 6. HP: 25/60 MP: 5/5
  3159 | D:4      | Noticed Robin
  3170 | D:3      | Reached skill level 1 in Dodging
  3384 | D:4      | Killed Robin
  3743 | D:4      | Noticed Menkaure
  3928 | D:4      | Killed Menkaure
  3928 | D:4      | Reached XP level 7. HP: 67/67 MP: 6/6
  4015 | D:4      | Found a sacrificial altar of Ru.
  4078 | D:5      | Entered Level 5 of the Dungeon
  4145 | D:5      | Found an opulent altar of Gozag.
  4200 | D:5      | Found a bloodstained altar of Trog.
  4484 | D:5      | Reached skill level 8 in Fighting
  4925 | D:6      | Got a sparkling emerald amulet
  4952 | D:6      | Identified the amulet "Vawafofe" {Acrobat rC+} (You found
                  | it on level 6 of the Dungeon)
  5031 | D:6      | Reached skill level 5 in Axes
  5047 | D:6      | Noticed Grinder
  5066 | D:6      | Paralysed by Grinder for 5 turns
  5093 | D:6      | Killed Grinder
  5093 | D:6      | Reached skill level 5 in Armour
  5093 | D:6      | Reached skill level 5 in Shields
  5093 | D:6      | Reached XP level 8. HP: 44/75 MP: 7/7
  5350 | D:6      | Reached skill level 9 in Fighting
  5434 | D:6      | Found a sparkling altar of Nemelex Xobeh.
  5908 | D:6      | Found a staircase to the Ecumenical Temple.
  5917 | Temple   | Entered the Ecumenical Temple
  5976 | Temple   | Became a worshipper of Warmaster Okawaru
  6130 | D:6      | Found an ancient bone altar of Kikubaaqudgha.
  6311 | D:6      | Found a glowing silver altar of Zin.
  6311 | D:6      | Found a shadowy altar of Dithmenos.
  6444 | D:7      | Found an iron altar of Okawaru.
  6502 | D:7      | Reached skill level 10 in Fighting
  6509 | D:7      | Reached XP level 9. HP: 72/85 MP: 8/8
  7014 | D:7      | Noticed Joseph
  7028 | D:7      | Killed Joseph
  7028 | D:7      | Reached * piety under Okawaru
  7158 | D:7      | Noticed Maggie
  7173 | D:7      | Killed Maggie
  7173 | D:7      | Reached skill level 1 in Invocations
  7674 | D:7      | Found an ancient bone altar of Kikubaaqudgha.
  7878 | D:8      | Reached ** piety under Okawaru
  7897 | D:8      | Found a sparkling altar of Nemelex Xobeh.
  8126 | D:8      | Noticed Grum
  8139 | D:8      | Killed Grum
  8146 | D:8      | Reached XP level 10. HP: 76/94 MP: 11/11
  8982 | D:9      | Noticed Ozzies's ghost (journeyman MiFi)
  8993 | D:9      | Found a transporter.
  9043 | D:9      | Reached skill level 11 in Fighting
  9043 | D:9      | Reached skill level 5 in Dodging
  9265 | D:9      | Found a transporter.
  9697 | D:9      | Reached *** piety under Okawaru
 10145 | D:9      | Found a staircase to the Orcish Mines.
 10234 | D:9      | Found a broken altar of Ashenzari.
 10666 | D:9      | Found a burning altar of Makhleb.
 11419 | D:10     | Entered Level 10 of the Dungeon
 11837 | D:10     | Noticed an unseen horror
 11851 | D:10     | Killed an unseen horror
 11851 | D:10     | Received a gift from Okawaru
 11901 | D:10     | Noticed a two-headed ogre
 12123 | D:9      | Killed a two-headed ogre
 12123 | D:9      | Reached **** piety under Okawaru
 12123 | D:9      | Reached skill level 5 in Invocations
 12349 | D:10     | Reached XP level 11. HP: 104/104 MP: 14/14
 13223 | D:11     | Noticed a skeletal warrior
 13226 | D:11     | Noticed a skeletal warrior
 13269 | D:10     | Killed a skeletal warrior
 13269 | D:10     | Reached ***** piety under Okawaru
 13269 | D:10     | Reached skill level 12 in Fighting
 13688 | D:11     | HP: 4/104 [skeletal warrior/+0 glaive[a skeletal warrior]
                  | (17)]
 14270 | D:11     | Noticed a skeletal warrior
 14277 | D:11     | Noticed a skeletal warrior
 14286 | D:11     | Noticed a skeletal warrior
 14367 | D:10     | HP: 4/104 [skeletal warrior/+1 vorpal flail[a skeletal
                  | warrior] (17)]
 14367 | D:10     | HP: 1/104 [skeletal warrior/+1 vorpal flail[a skeletal
                  | warrior] (3)]
 14777 | D:10     | Killed a skeletal warrior
 15269 | D:11     | Noticed a white ugly thing
 15277 | D:11     | Killed a white ugly thing
 15414 | D:10     | Mangled by a skeletal warrior

Illustrated notes

Levels and vault maps discovered:
D:1:      dpeg_arrival_round_a, layout_basic, serial_bayou, serial_bayou_lake_a,
          serial_bayou_pond_c, serial_bayou_pond_e, serial_bayou_shore_b,
          grunt_decor_clamped, minmay_misc_feat_tiny
D:2:      layout_rooms, grunt_qazlal_clouds
D:3:      layout_basic, uniq_ijyb
D:4:      layout_cave_pools, nicolae_ru_path_of_blood, uniq_menkaure, uniq_robin
D:5:      layout_cave_pods, kennysheep_little_box,
          nicolae_gozag_cash_rules_everything_around_me
D:6:      layout_layer_cave, gammafunk_temple_overflow_wave,
          kennysheep_vampire_church, minmay_temple_entry_stoned_glass,
          nemelex_diamond_rough_becter, uniq_grinder
D:7:      layout_basic, basic_altar, okawaru_trees_2, uniq_maggie, uniq_joseph
D:8:      layout_gridville, lemuel_doored_altar, uniq_grum
D:9:      layout_loops_ring, makhleb_grotto_becter, overflow_temple_1_default,
          david_orc_4, gammafunk_ghost_stat_death, hangedman_misty_isle
D:10:     layout_basic, serial_bayou, serial_bayou_shore_a, serial_bayou_pond_b,
          serial_bayou_crossing, serial_bayou_lagoon_a, serial_bayou_shore_b,
          serial_bayou_pond_b, minmay_splitting_lines
D:11:     minmay_ice_pillars, layout_loops_cross, david_lair_generic
Temple:   cyrus_circular_temple

Skill      XL: |  1  2  3  4  5  6  7  8  9 10 11 |
---------------+----------------------------------+-----
Fighting       | 4 5 6 7 8 10 11 12 | 12.2
Axes           | 3 4 5 6 8 9 |  9.5
Armour         | 4 5 6 7 8 |  8.8
Dodging        | 1 3 4 5 6 |  6.2
Shields        | 4 5 6 7 8 |  8.8
Invocations    | 2 5 6 |  6.2

Action                   |  1- 3 |  4- 6 |  7- 9 | 10-12 || total
-------------------------+-------+-------+-------+-------++-------
Melee: War axe           |    97 |   105 |    35 |       ||   237
       Headbutt          |    11 |    25 |    69 |   112 ||   217
       Flail             |       |       |   286 |   257 ||   543
       Hand axe          |       |       |       |   204 ||   204
Invok: Heroism           |       |       |       |     1 ||     1
  Use: Scroll            |       |     4 |       |     1 ||     5
       Potion            |       |       |       |     3 ||     3
 Stab: Sleeping          |       |     1 |       |       ||     1
Armor: Chain mail        |    34 |    18 |   111 |       ||   163
       Scale mail        |     9 |       |       |       ||     9
       Robe              |    19 |    20 |       |       ||    39
       Plate armour      |       |       |   118 |   145 ||   263
Dodge: Dodged            |    47 |    35 |   135 |   142 ||   359
Block: Kite shield       |    62 |    58 |   241 |   235 ||   596

Table legend: (Time is in decaauts)
 A = Elapsed time spent in this place.
 B = Non-inter-level travel time spent in this place.
 C = Inter-level travel time spent in this place.
 D = Time resting spent in this place.
 E = Time spent auto-exploring this place.
 F = Levels seen in this place.
 G = Mean time per level.
                   A        B        C        D        E       F      G
               +--------+--------+--------+--------+--------+-----+--------+
         Total |  15691 |  15108 |    583 |   4697 |   8161 |  12 | 1307.6 |
       Dungeon |  15618 |  15058 |    560 |   4697 |   8112 |  11 | 1419.8 |
        Temple |     72 |     50 |     22 |      0 |     49 |   1 |   72.0 |
               +--------+--------+--------+--------+--------+-----+--------+

Top non-repeatable levels by time:
    D:10: 3082 daAuts
     D:9: 2994 daAuts
     D:6: 1512 daAuts
     D:7: 1505 daAuts
     D:3: 1419 daAuts
     D:8: 1253 daAuts
     D:1: 1220 daAuts
     D:2: 956 daAuts
     D:5: 804 daAuts
     D:4: 592 daAuts
    D:11: 276 daAuts
  Temple: 72 daAuts
